 Dungeon Crawl Stone Soup version 0.28-a0-722-gc0678643b6 (webtiles) character file.

Game seed: 15942758638231016196

58 Lekart the Skirmisher (level 3, -1/34 HPs)
             Began as a Draconian Abyssal Knight on Oct 24, 2021.
             Was a Follower of Lugonu.
             Slain by a gnoll (7 damage)
             ... on level 1 of the Dungeon.
             The game lasted 00:01:37 (1761 turns).

Lekart the Skirmisher (Draconian Abyssal Knight)    Turns: 1761, Time: 00:01:38

Health: -1/34      AC:  5    Str: 15    XL:     3   Next: 75%
Magic:  4/4        EV: 12    Int: 10    God:    Lugonu [*.....]
Gold:   101        SH:  0    Dex: 12    Spells: 2/2 levels left

rFire   . . .      SeeInvis .   a - +1 hand axe
rCold   . . .      Faith    +   (no shield)
rNeg    . . .      Spirit   .   (armour unavailable)
rPois   .          Reflect  .   (helmet restricted)
rElec   .          Harm     .   (no cloak)
rCorr   .          Rampage  .   (no gloves)
Will    .....                   (no boots)
Stlth   +.........              c - amulet of faith
HPRegen 0.11/turn               (no ring)
MPRegen 0.09/turn               (no ring)

@: no status effects
A: AC +5, unfitting armour, cold-blooded
a: Renounce Religion, Depart the Abyss


You were on level 1 of the Dungeon.
You worshipped Lugonu.
Lugonu was aware of your devotion.
You visited 1 branch of the dungeon, and saw 2 of its levels.
You visited the Abyss 1 time.

You collected 101 gold pieces.

Inventory:

Hand Weapons
 a - a +1 hand axe (weapon)
Jewellery
 c - an amulet of faith (around neck)
 f - a ring of ice
Scrolls
 b - 2 scrolls of identify {unknown}
 d - a scroll of magic mapping {unknown}
 e - a scroll of enchant armour {unknown}


   Skills:
 + Level 4.3 Fighting
 + Level 2.4 Axes
 + Level 2.5 Dodging
 + Level 0.5 Stealth
 + Level 2.1 Invocations


You had 2 spell levels left.
You didn't know any spells.
Your spell library was empty.

Dungeon Overview and Level Annotations

Branches:
Dungeon (2/15)

Altars:
Xom


Innate Abilities, Weirdness & Mutations

Your plain brown scales are hard. (AC +5)
You cannot fit into any form of body armour.
You are cold-blooded and may be slowed by cold attacks.


Message History

You are too injured to fight recklessly!
You are too injured to fight recklessly!
You are too injured to fight recklessly!
You are too injured to fight recklessly!
You are too injured to fight recklessly!
You are too injured to fight recklessly!
You are too injured to fight recklessly!
You are too injured to fight recklessly!
You are too injured to fight recklessly!
You are too injured to fight recklessly!
You are too injured to fight recklessly!
You are too injured to fight recklessly!
You are too injured to fight recklessly!
You are too injured to fight recklessly!
You are too injured to fight recklessly!
The ball python bites you. The ball python grabs you.
The ball python constricts you.
You escape the ball python's grasp.
You hit the ball python.
You kill the ball python!
Lugonu accepts your kill. The gnoll closely misses you.
You hit the gnoll. You tail-slap the gnoll.
The gnoll is heavily wounded.
The gnoll hits you with a +0 halberd. The gnoll closely misses you.
There is a stone staircase leading up here.
The gnoll hits you with a +0 whip.
* * * LOW HITPOINT WARNING * * *
You climb upwards.
There is a stone staircase leading down here.
You hit the gnoll. You tail-slap the gnoll.
The gnoll is heavily wounded.
The gnoll hits you with a +0 whip.
* * * LOW HITPOINT WARNING * * *
The gnoll barely misses you.
You hit the gnoll.
The gnoll is severely wounded.
The gnoll hits you with a +0 whip!
You die...

.......# .#####.# .#
#.############## .#
#..............#
.###########..#####.#
.................##.#
.#...#######.....##.#
.#.#.# ##.....##.#
.#.#.######.....@...###
.................g....#
##.#†######.(.......#.##
####...................#
..#######.##.........#.#
.≈.# #.##.....##....#
##### ≈..#
#.##..#..##.#### #...#
..≈# #.##........# #...#
≈≈.# #>##..##.##.#
####...###


You could see a gnoll.

Vanquished Creatures
  A gnoll (D:2)
  An adder (D:2)
  2 dart slugs (D:1)
  3 bats
  An endoplasm (D:1)
  A giant cockroach (D:2)
  2 goblins (D:1)
  4 jackals (D:2)
  4 kobolds (D:1)
  3 quokkas (D:1)
  6 ball pythons
  2 frilled lizards (D:1)
  5 rats
35 creatures vanquished.

Vanquished Creatures (others)
  A plant (D:1)
1 creature vanquished.

Grand Total: 36 creatures vanquished

Notes
Turn   | Place    | Note
-------+----------+-------------------------------------------
     0 | Abyss:1  | Lekart the Draconian Abyssal Knight began the quest for the
                  | Orb.
     0 | Abyss:1  | Reached XP level 1. HP: 19/19 MP: 2/2
    60 | Abyss:1  | Noticed a tentacled starspawn
    68 | Abyss:1  | Noticed a rakshasa
   213 | Abyss:1  | Noticed a thrashing horror
   226 | Abyss:1  | Noticed a cacodemon
   228 | D:1      | Escaped the Abyss
   549 | D:1      | Reached XP level 2. HP: 24/27 MP: 3/3
   737 | D:1      | Reached * piety under Lugonu
   860 | D:1      | Reached skill level 4 in Fighting
   894 | D:1      | Found a faded altar of an unknown god.
  1496 | D:2      | Reached XP level 3. HP: 33/33 MP: 4/4
  1522 | D:2      | Found a shimmering altar of Xom.
  1761 | D:1      | Slain by a gnoll

Illustrated notes

Levels and vault maps discovered:
D:1:      shiori_arrival_elements, layout_loops_ring,
          dreamdust_ecumenical_altar_statues, minmay_shallow_snake_nest
D:2:      layout_rooms, basic_altar

Skill      XL: |  1  2 |
---------------+-------+-----
Fighting       | 4 |  4.3
Axes           | |  2.4
Dodging        | |  2.5
Stealth        | |  0.5
Invocations    | |  2.1

Action                   || total
-------------------------++-------
Melee: Hand axe          ||    99
       Tailslap          ||    12
Invok: Depart the Abyss  ||     1
 Stab: Sleeping          ||     1
Armor: Skin              ||    40
Dodge: Dodged            ||    85

Table legend: (Time is in decaauts)
 A = Elapsed time spent in this place.
 B = Non-inter-level travel time spent in this place.
 C = Inter-level travel time spent in this place.
 D = Time resting spent in this place.
 E = Time spent auto-exploring this place.
 F = Levels seen in this place.
 G = Mean time per level.
                   A        B        C        D        E       F      G
               +--------+--------+--------+--------+--------+-----+--------+
         Total |   1781 |   1734 |     47 |    338 |   1082 |   3 |  593.7 |
       Dungeon |   1552 |   1505 |     47 |    238 |   1022 |   2 |  776.0 |
         Abyss |    228 |    228 |      0 |    100 |     60 |   1 |  228.0 |
               +--------+--------+--------+--------+--------+-----+--------+

Top non-repeatable levels by time:
     D:1: 1279 daAuts
     D:2: 273 daAuts
 Abyss:1: 228 daAuts
